 Dungeon Crawl Stone Soup version 0.29-a0-876-gfc89b1a5bd (webtiles) character file.

Game seed: 8993174467308818932

77 RevDB the Shooter (level 4, 0/38 HPs)
             Began as a Minotaur Hunter on July 19, 2022.
             Succumbed to an orc wizard's poison
             ... on level 3 of the Dungeon.
             The game lasted 00:14:06 (2335 turns).

RevDB the Shooter (Minotaur Hunter)                 Turns: 2335, Time: 00:14:09

Health: 0/38       AC: 10    Str: 15    XL:     4   Next: 13%
Magic:  3/3        EV: 11    Int:  6    God:
Gold:   75         SH:  0    Dex: 16    Spells: 3/3 levels left

rFire   . . .      SeeInvis .   a - +0 shortbow
rCold   . . .      Faith    .   (shield currently unavailable)
rNeg    . . .      Spirit   .   h - +0 ring mail
rPois   .          Reflect  .   (helmet restricted)
rElec   .          Harm     .   l - +0 cloak
rCorr   .          Rampage  .   (no gloves)
Will    .....                   (no boots)
Stlth   +.........              (no amulet)
HPRegen 0.12/turn               g - +4 ring of protection
MPRegen 0.08/turn               (no ring)

@: lethally poisoned (0 -> -27)
A: horns 2, retaliatory headbutt
a: no special abilities


You were on level 3 of the Dungeon.
You visited 1 branch of the dungeon, and saw 3 of its levels.

You collected 75 gold pieces.

Inventory:

Hand Weapons
 a - a +0 shortbow (weapon)
Armour
 c - a +0 leather armour
 h - a +0 ring mail (worn)
 l - a +0 cloak (worn)
 n - a +0 plate armour
Jewellery
 g - a +4 ring of protection (left hand)
Scrolls
 b - a scroll of immolation
 d - 4 scrolls of identify {unknown}
 e - a scroll of vulnerability {unknown}
 f - a scroll of teleportation {unknown}
 i - a scroll of enchant weapon {unknown}
 j - 2 scrolls of magic mapping {unknown}
 m - a scroll of fear {unknown}


   Skills:
 - Level 3.0 Fighting
 + Level 5.7 Ranged Weapons
 - Level 3.0 Dodging
 - Level 0.7 Stealth


You had 3 spell levels left.
You didn't know any spells.
Your spell library contained the following spells:

 Spells                   Type           Power      Damage    Failure   Level
 Inner Flame              Hex/Fire       0%         N/A       96%         3
 Cause Fear               Hex            0%         N/A       100%        4
 Discord                  Hex            0%         N/A       100%        8


Dungeon Overview and Level Annotations

Branches:
Dungeon (3/15)

Altars:


Innate Abilities, Weirdness & Mutations

You have a pair of horns on your head.
You reflexively headbutt those who attack you in melee.


Message History

You feel very sick. The orc hits you but does no damage.
The orc wizard gestures wildly while chanting.
The orc wizard flickers and vanishes!
Deactivating autopickup; reactivate with Ctrl-A.
The ball python bites you. The ball python constricts you.
You are too injured to fight recklessly!
Fire: a) +0 shortbow
Press: ? - help, Q - select action Shift-Dir - straight line, f/p - ball python
Aim: a ball python (moderately wounded, constricting you, 60% to hit)
You shoot an arrow.
The arrow barely misses the ball python.
You feel very sick.
The ball python bites you but does no damage.
The ball python constricts you. Something hits you but does no damage.
The orc hits you but does no damage.
Fire: a) +0 shortbow
Press: ? - help, Q - select action Shift-Dir - straight line, f/p - ball python
Aim: a ball python (moderately wounded, constricting you, 60% to hit)
You shoot an arrow.
The arrow hits the ball python but does no damage.
The ball python is moderately wounded.
You feel very sick. The ball python barely misses you.
The ball python constricts you. The orc hits you but does no damage.
Something hits you but does no damage.
You are lethally poisoned!
The ball python bites you but does no damage.
The ball python constricts you.
* * * LOW HITPOINT WARNING * * *
Something hits you.
* * * LOW HITPOINT WARNING * * *
You are more poisoned.
The orc hits you with a +0 whip.
* * * LOW HITPOINT WARNING * * *
Fire: a) +0 shortbow
Press: ? - help, Q - select action Shift-Dir - straight line, f/p - ball python
Aim: a ball python (moderately wounded, constricting you, 60% to hit)
You shoot an arrow. The arrow hits the ball python.
You kill the ball python!
You die...

.§..
o§≈...
o....##
#o....
#.#..#
#.#..#
#.#).#
#S#)o#
#o{@.#
######


You could see an adder and 2 orcs.

Vanquished Creatures
  An adder (D:2)
  A worm (D:2)
  2 dart slugs
  An orc (D:3)
  7 ball pythons
  7 bats
  4 endoplasms
  2 giant cockroaches
  6 goblins
  4 hobgoblins
  3 kobolds
  6 quokkas
  6 frilled lizards
  3 rats
53 creatures vanquished.

Notes
Turn   | Place    | Note
-------+----------+-------------------------------------------
     0 | D:1      | RevDB the Minotaur Hunter began the quest for the Orb.
     0 | D:1      | Reached XP level 1. HP: 18/18 MP: 0/0
    64 | D:1      | Found a faded altar of an unknown god.
   369 | D:1      | Reached XP level 2. HP: 25/25 MP: 1/1
   638 | D:1      | Reached skill level 5 in Ranged Weapons
   756 | D:1      | Reached XP level 3. HP: 31/31 MP: 2/2
  1985 | D:2      | Reached XP level 4. HP: 38/38 MP: 3/3
  2335 | D:3      | Succumbed to an orc wizard's poison

Illustrated notes

Levels and vault maps discovered:
D:1:      nzn_arrival_water_spiral, layout_loops_ring, serial_rivers,
          chequers_serial_rivers_small_3, chequers_serial_rivers_large_a,
          chequers_serial_rivers_small_b, chequers_serial_rivers_small_3,
          chequers_serial_rivers_room_b, shapermc_ecumenical_altar_notcrosses
D:2:      minmay_spotlight, layout_basic
D:3:      layout_basic, nicolae_qazlal_scattered_showers, serial_shops, shop

Skill      XL: |  1  2  3 |
---------------+----------+-----
Fighting       | 3 |  3.0
Ranged Weapons | 5 |  5.7
Dodging        | 3 |  3.0
Stealth        | |  0.7

Action                   |  1- 3 |  4- 6 || total
-------------------------+-------+-------++-------
 Fire: Shortbow          |   108 |    20 ||   128
  Use: Potion            |       |     1 ||     1
Armor: Leather armour    |     8 |       ||     8
       Ring mail         |     4 |    22 ||    26
Dodge: Dodged            |    30 |     9 ||    39

Table legend: (Time is in decaauts)
 A = Elapsed time spent in this place.
 B = Non-inter-level travel time spent in this place.
 C = Inter-level travel time spent in this place.
 D = Time resting spent in this place.
 E = Time spent auto-exploring this place.
 F = Levels seen in this place.
 G = Mean time per level.
                   A        B        C        D        E       F      G
               +--------+--------+--------+--------+--------+-----+--------+
         Total |   2415 |   2394 |     21 |    139 |    949 |   3 |  805.0 |
       Dungeon |   2415 |   2394 |     21 |    139 |    949 |   3 |  805.0 |
               +--------+--------+--------+--------+--------+-----+--------+

Top non-repeatable levels by time:
     D:1: 1237 daAuts
     D:2: 1155 daAuts
     D:3: 21 daAuts
